 Dungeon Sprint DCSS version 0.28-a0-1387-g3a22ab9bdc (webtiles) character file.

Game seed: 13296030087680747062

1197 greenreed the Frost Mage (level 8, -2/65 HPs)
             Began as a Gnoll Ice Elementalist on Jan 2, 2022.
             Was a Follower of Sif Muna.
             Slain by a demonic crawler (10 damage)
             ... in the Dungeon (Sprint I: "Red Sonja").
             The game lasted 00:08:05 (812 turns).

greenreed the Frost Mage (Gnoll Ice Elementalist)    Turns: 812, Time: 00:08:06

Health: -2/65      AC: 12    Str:  8    XL:     8   Next: 44%
Magic:  13/20      EV: 15    Int: 16    God:    Sif Muna [*.....]
Gold:   417        SH:  0    Dex: 13    Spells: 16/23 levels left

rFire   . . .      SeeInvis .   i - +4 club (spect)
rCold   . . .      Faith    .   (no shield)
rNeg    + . .      Spirit   .   l - +2 robe {rN+}
rPois   .          Reflect  .   (no helmet)
rElec   .          Harm     .   (no cloak)
rCorr   .          Rampage  .   (no gloves)
Will    .....      NoTele   +   (no boots)
Stlth   ++++......              (no amulet)
HPRegen 0.20/turn               (no ring)
MPRegen 0.17/turn               (no ring)

@: ice-armoured, freezing walls
A: fangs 1, strong nose, distributed training
a: Renounce Religion, Channel Magic


You were in the Dungeon.
You worshipped Sif Muna.
Sif Muna was aware of your devotion.
You visited 1 branch You collected 417 gold pieces.

Inventory:

Hand Weapons
 i - a +4 spectral club (weapon)
 k - a +2 scythe of flaming
Armour
 a - a +0 robe
 j - a +3 scale mail of willpower
 l - a +2 robe of positive energy (worn)
 m - a +0 leather armour
Wands
 h - a wand of paralysis (6)
Scrolls
 g - a scroll of blinking
Potions
 b - a potion of curing
 d - a potion of haste
 e - 2 potions of magic
 f - a potion of berserk rage


   Skills:
 + Level 6.5 Fighting
 + Level 6.5 Short Blades
 + Level 6.5 Long Blades
 + Level 6.5 Axes
 + Level 6.5 Maces & Flails
 + Level 6.5 Polearms
 + Level 6.5 Staves
 + Level 6.5 Slings
 + Level 6.5 Bows
 + Level 6.5 Crossbows
 + Level 6.5 Throwing
 + Level 6.5 Armour
 + Level 8.0 Dodging
 + Level 7.8 Stealth
 + Level 6.5 Shields
 + Level 6.5 Unarmed Combat
 + Level 8.3 Spellcasting
 + Level 5.4 Conjurations
 + Level 5.4 Hexes
 + Level 5.4 Summonings
 + Level 5.4 Necromancy
 + Level 5.4 Translocations
 + Level 5.4 Transmutations
 + Level 5.4 Fire Magic
 + Level 9.0 Ice Magic
 + Level 5.4 Air Magic
 + Level 5.4 Earth Magic
 + Level 5.4 Poison Magic
 + Level 7.1 Invocations
 + Level 6.5 Evocations


You had 16 spell levels left.
You knew the following spells:

 Your Spells              Type           Power      Damage    Failure   Level
a - Freeze                Ice            100%       1d11      1%          1
b - Frozen Ramparts       Ice            70%        1d9       1%          3
c - Ozocubu's Armour      Ice            35%        N/A       1%          3

Your spell library contained the following spells:

 Spells                   Type           Power      Damage    Failure   Level
 Hailstorm                Conj/Ice       29%        3d8       5%          4


Dungeon Overview and Level Annotations

Branches:
Dungeon (1/1)

Altars:
Cheibriados
Dithmenos
Elyvilon
Fedhas
Gozag
Hepliaklqana
Kikubaaqudgha
Makhleb
Nemelex Xobeh
Okawaru
Qazlal
Ru
Sif Muna
Trog
Uskayaw
Vehumet
Wu Jian
Xom
Yredelemnul
Zin
The Shining One
Jiyva
Lugonu

Shops:
D [

Annotations:
D Sonja


Innate Abilities, Weirdness & Mutations

You have very sharp teeth.
Your uncanny sense of smell can sniff out nearby items.
Your experience applies equally to all skills.


Message History

Your +4 spectral club hits the demonic crawler.
The frozen ramparts melt away.
You hear a shout!
The demonic crawler completely misses you.
The demonic crawler hits you but does no damage.
The demonic crawler barely misses you.
Casting: Ozocubu's Armour (safe; 1% risk of failure)
Confirm with . or Enter, or press ? or * to list all spells.
Casting: Frozen Ramparts (safe; 1% risk of failure)
Press: ? - help, Dir - look around, f - activate The walls around you are covered in ice.
The demonic crawler completely resists.
The wall freezes the demonic crawler but does no damage.
The demonic crawler barely misses you. The demonic crawler hits you!
* * * LOW HITPOINT WARNING * * *
The demonic crawler completely misses you.
You hit the demonic crawler.
The demonic crawler is severely wounded.
Your +4 spectral club hits the demonic crawler but does no damage.
The demonic crawler completely resists.
The wall freezes the demonic crawler but does no damage.
The demonic crawler hits you!
* * * LOW HITPOINT WARNING * * *
The demonic crawler closely misses you. The demonic crawler hits you.
* * * LOW HITPOINT WARNING * * *
You feel much better.
The wall freezes the demonic crawler but does no damage.
The demonic crawler misses you. The demonic crawler hits you.
* * * LOW HITPOINT WARNING * * *
The demonic crawler barely misses you.
The demonic crawler resists.
The wall freezes the demonic crawler.
The demonic crawler closely misses you. The demonic crawler hits you!
* * * LOW HITPOINT WARNING * * *
The demonic crawler misses you.
You hit the demonic crawler but do no damage.
The demonic crawler is severely wounded.
Your +4 spectral club hits the demonic crawler but does no damage.
The demonic crawler resists.
The wall freezes the demonic crawler.
The demonic crawler hits you!
You die...

##################
.#..'..#__#..'§§§#∆∆
∆∆
.'..#..'..'..#..s##+#∆
'#####'#__####)(@+ss#∆
∆
.#...#(####§§#####s.+∆
##..##.#≈≈§§c#∆∆ ##
_##'#_.+≈§§
..†..._#≈§≈.c#∆∆
_##_.#'# +####
_###+#.#∆∆∆∆ ∆ ##
#.### ∆ ∆ $.$ ∆∆ ∆∆ ∆


You could see a demonic crawler and a friendly +4 spectral club (summoned).

Vanquished Creatures
  2 kobold demonologists (D)
  A slime creature (D)
  Sigmund (D)
  A yak (D)
  A floating eye (D)
  An ogre (D)
  A jelly (D)
  Ijyb (D)
9 creatures vanquished.

Notes
Turn   | Place    | Note
-------+----------+-------------------------------------------
     0 | D        | greenreed the Gnoll Ice Elementalist began the quest for
                  | the Orb.
     0 | D        | Reached XP level 1. HP: 13/13 MP: 6/6
     1 | D        | Noticed Ijyb
     9 | D        | Killed Ijyb
    10 | D        | Reached skill level 1 in Fighting
    10 | D        | Reached skill level 1 in Short Blades
    10 | D        | Reached skill level 1 in Long Blades
    10 | D        | Reached skill level 1 in Axes
    10 | D        | Reached skill level 1 in Maces & Flails
    10 | D        | Reached skill level 1 in Polearms
    10 | D        | Reached skill level 1 in Staves
    10 | D        | Reached skill level 1 in Slings
    10 | D        | Reached skill level 1 in Bows
    10 | D        | Reached skill level 1 in Crossbows
    10 | D        | Reached skill level 1 in Throwing
    10 | D        | Reached skill level 1 in Armour
    10 | D        | Reached skill level 1 in Shields
    10 | D        | Reached skill level 1 in Unarmed Combat
    10 | D        | Reached skill level 5 in Spellcasting
    10 | D        | Reached skill level 1 in Conjurations
    10 | D        | Reached skill level 1 in Hexes
    10 | D        | Reached skill level 1 in Summonings
    10 | D        | Reached skill level 1 in Necromancy
    10 | D        | Reached skill level 1 in Translocations
    10 | D        | Reached skill level 1 in Transmutations
    10 | D        | Reached skill level 1 in Fire Magic
    10 | D        | Reached skill level 1 in Air Magic
    10 | D        | Reached skill level 1 in Earth Magic
    10 | D        | Reached skill level 1 in Poison Magic
    10 | D        | Reached skill level 1 in Evocations
    10 | D        | Reached XP level 2. HP: 2/22 MP: 0/8
    10 | D        | Reached XP level 3. HP: 2/27 MP: 0/9
   282 | D        | Noticed an ogre
   289 | D        | Learned a level 3 spell: Frozen Ramparts
   293 | D        | Learned a level 3 spell: Ozocubu's Armour
   297 | D        | Killed an ogre
   298 | D        | Reached skill level 5 in Dodging
   298 | D        | Reached skill level 5 in Stealth
   298 | D        | Reached XP level 4. HP: 35/35 MP: 3/11
   337 | D        | Noticed Sigmund
   345 | D        | Killed Sigmund
   346 | D        | Reached skill level 8 in Ice Magic
   346 | D        | Reached XP level 5. HP: 27/42 MP: 7/14
   346 | D        | Reached XP level 6. HP: 31/48 MP: 7/15
   459 | D        | Found an ornate altar of the Wu Jian Council.
   459 | D        | Found a shimmering blue altar of Sif Muna.
   461 | D        | Found a radiant altar of Vehumet.
   490 | D        | Found Zirahoub's Armour Emporium.
   490 | D        | Found an ancient bone altar of Kikubaaqudgha.
   490 | D        | Found a hazy altar of Hepliaklqana.
   490 | D        | Found a stormy altar of Qazlal.
   490 | D        | Found a hide-covered altar of Uskayaw.
   490 | D        | Found a blossoming altar of Fedhas.
   490 | D        | Found a bloodstained altar of Trog.
   490 | D        | Found an iron altar of Okawaru.
   490 | D        | Found a basalt altar of Yredelemnul.
   490 | D        | Found a glowing golden altar of the Shining One.
   490 | D        | Found a snail-covered altar of Cheibriados.
   490 | D        | Found a sacrificial altar of Ru.
   490 | D        | Found a glowing silver altar of Zin.
   490 | D        | Found a shadowy altar of Dithmenos.
   490 | D        | Found a white marble altar of Elyvilon.
   490 | D        | Noticed a yak
   495 | D        | Became a worshipper of Sif Muna the Loreminder
   499 | D        | Noticed a centaur warrior
   500 | D        | Noticed a centaur warrior
   512 | D        | Noticed Sonja
   520 | D        | Killed a yak
   521 | D        | Reached skill level 5 in Fighting
   521 | D        | Reached skill level 5 in Short Blades
   521 | D        | Reached skill level 5 in Long Blades
   521 | D        | Reached skill level 5 in Axes
   521 | D        | Reached skill level 5 in Maces & Flails
   521 | D        | Reached skill level 5 in Polearms
   521 | D        | Reached skill level 5 in Staves
   521 | D        | Reached skill level 5 in Slings
   521 | D        | Reached skill level 5 in Bows
   521 | D        | Reached skill level 5 in Crossbows
   521 | D        | Reached skill level 5 in Throwing
   521 | D        | Reached skill level 5 in Armour
   521 | D        | Reached skill level 5 in Shields
   521 | D        | Reached skill level 5 in Unarmed Combat
   521 | D        | Reached skill level 5 in Invocations
   521 | D        | Reached skill level 5 in Evocations
   521 | D        | Found an opulent altar of Gozag.
   522 | D        | Found a sparkling altar of Nemelex Xobeh.
   582 | D        | Found a burning altar of Makhleb.
   582 | D        | Found a viscous altar of Jiyva.
   582 | D        | Found a shimmering altar of Xom.
   582 | D        | Found a corrupted altar of Lugonu.
   582 | D        | Noticed a slime creature
   590 | D        | Killed a slime creature
   591 | D        | Reached XP level 7. HP: 37/56 MP: 12/18
   727 | D        | Noticed a kobold demonologist
   728 | D        | Noticed a kobold demonologist
   731 | D        | Noticed a ynoxinul
   731 | D        | Paralysed by a floating eye for 2 turns
   733 | D        | Reached * piety under Sif Muna
   735 | D        | Killed a kobold demonologist
   736 | D        | Reached skill level 5 in Conjurations
   736 | D        | Reached skill level 5 in Hexes
   736 | D        | Reached skill level 5 in Summonings
   736 | D        | Reached skill level 5 in Necromancy
   736 | D        | Reached skill level 5 in Translocations
   736 | D        | Reached skill level 5 in Transmutations
   736 | D        | Reached skill level 5 in Fire Magic
   736 | D        | Reached skill level 5 in Air Magic
   736 | D        | Reached skill level 5 in Earth Magic
   736 | D        | Reached skill level 5 in Poison Magic
   736 | D        | Reached XP level 8. HP: 51/64 MP: 14/20
   736 | D        | Killed a kobold demonologist
   737 | D        | Reached skill level 9 in Ice Magic
   799 | D        | Noticed a demonic crawler
   799 | D        | Noticed a demonic crawler
   799 | D        | Noticed a demonic crawler
   799 | D        | Noticed a demonic crawler
   810 | D        | HP: 3/65 [demonic crawler (3)]
   812 | D        | Slain by a demonic crawler

Illustrated notes

Levels and vault maps discovered:
D:        dungeon_sprint_1 [red_sonja_temple_1, red_sonja_temple_small_1]

Skill      XL: |  1  2  3  4  5  6  7  8 |
---------------+-------------------------+-----
Fighting       | 1 3 4 5 6 |  6.5
Short Blades   | 1 3 4 5 6 |  6.5
Long Blades    | 1 3 4 5 6 |  6.5
Axes           | 1 3 4 5 6 |  6.5
Maces & Flails | 1 3 4 5 6 |  6.5
Polearms       | 1 3 4 5 6 |  6.5
Staves         | 1 3 4 5 6 |  6.5
Slings         | 1 3 4 5 6 |  6.5
Bows           | 1 3 4 5 6 |  6.5
Crossbows      | 1 3 4 5 6 |  6.5
Throwing       | 1 3 4 5 6 |  6.5
Armour         | 1 3 4 5 6 |  6.5
Shields        | 1 3 4 5 6 |  6.5
Unarmed Combat | 1 3 4 5 6 |  6.5
Spellcasting   | 5 6 7 8 |  8.3
Conjurations   | 1 2 3 4 5 |  5.4
Hexes          | 1 2 3 4 5 |  5.4
Summonings     | 1 2 3 4 5 |  5.4
Necromancy     | 1 2 3 4 5 |  5.4
Translocations | 1 2 3 4 5 |  5.4
Transmutations | 1 2 3 4 5 |  5.4
Fire Magic     | 1 2 3 4 5 |  5.4
Air Magic      | 1 2 3 4 5 |  5.4
Earth Magic    | 1 2 3 4 5 |  5.4
Poison Magic   | 1 2 3 4 5 |  5.4
Invocations    | 2 3 4 6 7 |  7.1
Evocations     | 1 3 4 5 6 |  6.5
Dodging        | 5 6 7 8 |  8.0
Stealth        | 5 6 7 |  7.8
Ice Magic      | 8 9 |  9.0

Action                   |  1- 3 |  4- 6 |  7- 9 || total
-------------------------+-------+-------+-------++-------
Melee: Club              |     2 |     8 |    12 ||    22
       Bite              |       |     1 |     1 ||     2
       Punch             |       |       |     1 ||     1
 Cast: Freeze            |     6 |       |       ||     6
       Frozen Ramparts   |     1 |     4 |     3 ||     8
       Ozocubu's Armour  |     1 |     3 |     2 ||     6
  Use: Potion            |       |       |     1 ||     1
Armor: Robe              |     1 |     1 |    10 ||    12
Dodge: Dodged            |     3 |     7 |    24 ||    34

Table legend: (Time is in decaauts)
 A = Elapsed time spent in this place.
 B = Non-inter-level travel time spent in this place.
 C = Inter-level travel time spent in this place.
 D = Time resting spent in this place.
 E = Time spent auto-exploring this place.
 F = Levels seen in this place.
 G = Mean time per level.
                   A        B        C        D        E       F      G
               +--------+--------+--------+--------+--------+-----+--------+
         Total |    812 |    812 |      0 |      0 |    473 |   1 |  812.0 |
       Dungeon |    812 |    812 |      0 |      0 |    473 |   1 |  812.0 |
               +--------+--------+--------+--------+--------+-----+--------+

Top non-repeatable levels by time:
       D: 812 daAuts
